cohdb
Replays
Latest Replays
All Replays
Popular Replays
Top Player Replays
Match Explorer
How It Works
Community
CoH3 Stats
Reddit
Sign in to upload your games and track your stats! →
Sign in with Steam
Match 42573360
Unlisted
Match 42573360
Overview
Messages
Build Orders
End
Pioneer Squad
Construct Infanterie Kompanie
Kettenkrad Recon Vehicle
MG 42 Machine Gun Team
Grenadier Squad
Grenadier Squad
Selects Terror Battlegroup
Selects Terror Battlegroup
Selects Terror Battlegroup
Grenadier Squad
Selects Machine Gun Camouflage
Construct Panzergrenadier Kompanie
251 Medium Carrier
Pak 40 Anti-tank Gun Team
Support Elements
Pioneer Squad
Selects Defend the Fatherland
Defend the Fatherland
Nebelwerfer 42 Rocket Launcher Team
StuG III G Assault Gun
StuG III G Assault Gun
Nebelwerfer 42 Rocket Launcher Team
Defend the Fatherland
Panzergrenadier Officer Quarters
Pioneer Squad
Selects King Tiger Heavy Tank
King Tiger Heavy Tank
Panzergrenadier Squad
Brother
Kirky
Minjeong Ahh
Shadow Heart
0
0
Comments
sign in to comment!
No comments posted yet!